AoeStats
← Tunga

Arabia

507580351Analyzed
1v1 RM · 14d ago on Sep 18, 2026· 28m 19s· 2 players
Game mode
Random Map
Map size
Tiny (2 player)
Population
200
Speed
Normal
Resources
Standard
Victory
Conquest
Starting age
Dark Age
Ending age
Imperial Age
RankedLock teamsTeams togetherTeam positionsShared explorationLock speedFull tech treeHidden civsTurbo modeCheats
Victory
Defeat
🇹🇷 Dravidians · Türkiye
695
+15
🇫🇷 Japanese · France
665
-15
Jayavarman XCI
10:02 Feudal Age
13:35 Horse Collar
13:54 Man-at-Arms
Tunga
5:54 Loom
12:26 Feudal Age
12:50 Man-at-Arms
12:56 Man-at-Arms
17:43 Wheelbarrow
21:22 Double-Bit Axe
25:18 Scale Barding Armor
25:24 Forging
Connection lost

Rejoining the realm…

Still unreachable

The connection could not be restored.

Session expired

The server has moved on; the page needs a fresh start.